Cogmind - Beta 10.1 @@@ ROGUE MODE // 2020.09.22 @ 21:33:07 Player: TheCinephile Result: Destroyed by Y-45 Defender with Beam Rifle Performance ------------- Evolutions (1) 500 Regions Visited (3) 600 Robots Destroyed (38) 190 Value Destroyed (992) 992 Prototype IDs (0) 0 Alien Tech Used (0) 0 Bonus (0) 0 TOTAL SCORE: 2282 Bonus ------- None Cogmind --------- Core Integrity 0/400 Matter 86/300 Energy 239/240 System Corruption 0% Temperature Cool (45) Movement Treading (200) Ox2 Location -9/Storage Parts ------- > --- POWER (1) -------- Nuclear Core > --- PROPULSION (2) --- Light Treads > --- UTILITY (4) ------ Large Storage Unit Large Storage Unit Structural Scanner > --- WEAPON (2) ------- Minigun > --- INVENTORY (16) --- Improved Ion Engine Improved Ion Engine Nuclear Core Light Treads Light Treads Wheel Compact Wheel Medium Storage Unit Medium Storage Unit Sensor Array Shield Generator Beam Rifle Light Assault Rifle Minigun Guided EMP Blaster Peak State ------------ > --- POWER ------------ Nuclear Core > --- PROPULSION ------- VTOL Module VTOL Module > --- UTILITY ---------- Large Storage Unit Large Storage Unit Improved Terrain Scanner ECM Suite > --- WEAPON ----------- Minigun Minigun > --- INVENTORY -------- Ion Engine Ion Engine Improved Ion Engine Nuclear Core Nuclear Core Wheel Compact Wheel Medium Storage Unit Medium Storage Unit Sensor Array Terrain Scan Processor Beam Rifle Particle Gun Minigun Minigun Rocket Launcher [Rating: 20] Favorites ----------- Power Nuclear Core Engine Light Ion Engine Power Core Nuclear Core Propulsion Aluminum Leg Treads Light Treads Leg Aluminum Leg Wheel Wheel Flight Unit VTOL Module Utility Large Storage Unit Device ECM Suite Storage Large Storage Unit Processor Seismic Analyzer Weapon Minigun Energy Gun Particle Gun Energy Cannon Particle Cannon Ballistic Gun Minigun Ballistic Cannon Improved Light Cannon Launcher Rocket Launcher Build | -11 -10 -9 -9 ------- Run | Scr Mat Mat Sto Slots Evolved 2 | . . 2 . Power . | . . . . Propulsion . | . . . . Utility 2 | . . 2 . Weapon . | . . . . Parts Attached 49 | 7 13 12 17 Power 5 | 1 2 1 1 Engine 3 | 1 2 . . Core 2 | . . 1 1 Reactor . | . . . . Propulsion 13 | 2 2 5 4 Treads 2 | . . . 2 Leg 7 | 2 2 3 . Wheel 2 | . . . 2 Hover . | . . . . Flight 2 | . . 2 . Utility 10 | 2 4 3 1 Device 5 | 1 . 3 1 Storage 4 | . 4 . . Processor 1 | 1 . . . Hackware . | . . . . Protection . | . . . . Artifact . | . . . . Weapon 21 | 2 5 3 11 Energy Gun 1 | . . . 1 Energy Cannon 2 | . 2 . . Ballistic Gun 13 | 2 3 2 6 Ballistic Cannon 1 | . . . 1 Launcher 4 | . . 1 3 Special Weapon . | . . . . Impact Weapon . | . . . . Slashing Weapon . | . . . . Piercing Weapon . | . . . . Special Melee Weapon . | . . . . Unidentified Prototypes . | . . . . Parts Lost 17 | . 5 3 9 Power 3 | . 2 . 1 Propulsion 6 | . 2 2 2 Utility 2 | . . 1 1 Weapon 6 | . 1 . 5 Highest Loss Streak 4 | . 4 2 4 Average Slot Usage (%) 96 | . 96 96 95 Engine 6 | . 13 3 . Core 5 | . . 7 10 Treads 1 | . . . 6 Leg 19 | . 27 16 10 Device 13 | . . 20 22 Storage 23 | . 26 22 22 Energy Cannon 3 | . 7 . . Ballistic Gun 19 | . 18 21 17 Naked Turns . | . . . . Heaviest Build 49 | 8 43 48 49 Greatest Support 40 | 20 20 20 40 Greatest Overweight (x) 15 | . 12 15 4 Average Overweight (x) 1 | . 1 2 2 Largest Inventory Capacity 16 | 4 16 16 16 Average Capacity 15 | 4 15 16 16 Most Carried 16 | 4 16 16 16 Average Carried 13 | 2 14 15 14 Final Capacity 16 | 4 16 16 16 Final Carried 16 | 4 16 14 16 Class Distribution -------------------- 83% | Mutant 9% | Infiltrator-Mutant 6% | Scavenger-Mutant Dominant Class ---------------- Mutant | -10/Materials Mutant | -9/Materials Mutant | -9/Storage Resources | -11 -10 -9 -9 ----------- Run | Scr Mat Mat Sto Matter Collected 1008 | 281 204 234 289 Remotely . | . . . . Salvage Created 1151 | 56 359 354 382 Parts 74 | 6 16 26 26 Haulers Intercepted . | . . . . Recyclers Shooed 1 | . . . 1 Parts Field Recycled . | . . . . Retrieved Matter . | . . . . Parts Self-Destructed . | . . . . Prevented . | . . . . Kills | -11 -10 -9 -9 ------- Run | Scr Mat Mat Sto Combat Hostiles Destroyed 30 | 1 7 10 12 Melee 1 | . 1 . . Guns 16 | 1 5 5 5 Cannons 1 | . 1 . . AOE 12 | . . 5 7 Classes Destroyed 8 | 2 1 3 2 Worker 4 | . . 1 3 Tunneler 1 | 1 . . . Recycler 2 | . 1 . 1 Watcher 1 | . . . 1 Swarmer 8 | . . 2 6 Grunt 17 | 1 7 6 3 Brawler 1 | . . . 1 Sentry 4 | . . 2 2 Best Kill Streak 10 | 2 3 6 10 Combat Bots Only 6 | 1 2 5 6 Max Kills in Single Turn 4 | 2 1 3 4 Gunslinging . | . . . . Exploded 3 | . . 3 3 Melee 1 | . 1 . . Uniques/NPCs Destroyed . | . . . . Combat | -11 -10 -9 -9 -------- Run | Scr Mat Mat Sto Damage Taken 2612 | 52 751 785 1024 Core 460 | . 57 171 232 Absorbed by Shields . | . . . . Core Remaining (%) 88 | 100 77 . . Volleys Fired 104 | 3 32 26 43 Largest 2 | 2 2 2 2 Hottest 136 | 40 136 58 90 Shots Fired 193 | 6 55 52 80 Gun 165 | 6 43 50 66 Cannon 16 | . 12 . 4 Launcher 12 | . . 2 10 Special . | . . . . Kinetic 161 | 6 43 50 62 Thermal 20 | . 12 . 8 Explosive 12 | . . 2 10 Electromagnetic . | . . . . Robot Hit Streak 10 | 5 5 10 8 Robot Miss Streak 8 | . 2 3 8 Penetration Max . | . . . . Secondary Targets 1 | . 1 . . Max Gunslinging Chain 1 | . 1 . . Shots Hit Robots 109 | 5 37 36 31 Core Hits 70 | 2 18 20 30 Critical Hits 2 | . . 1 1 Critical Kills . | . . . . Critical Parts Destroyed 1 | . . 1 . Melee Attacks . | . . . . Impact . | . . . . Slashing . | . . . . Piercing . | . . . . Sneak Attacks . | . . . . Combat Hostiles . | . . . . Follow-up Attacks . | . . . . Damage Inflicted 2596 | 83 546 907 1060 Guns 1409 | 83 367 507 452 Cannons 182 | . 145 . 37 Explosions 954 | . . 393 561 Melee . | . . . . Ramming 51 | . 34 7 10 Kinetic 1394 | 83 367 507 437 Thermal 197 | . 145 . 52 Explosive 954 | . . 393 561 Electromagnetic . | . . . . Impact . | . . . . Slashing . | . . . . Piercing . | . . . . Highest Corruption 3 | . 3 . . Average Corruption 2 | . 2 . . Corruption Purged . | . . . . Effects 1 | . 1 . . Matter Fused 1 | . 1 . . Overload Shots . | . . . . Overflow Damage 30 | . . 30 . Projectiles . | . . . . Explosions 30 | . . 30 . Melee . | . . . . Knockbacks . | . . . . Impact . | . . . . Kinetic . | . . . . Secondary . | . . . . Self-Inflicted Damage 33 | . 11 3 19 Shots 1 | . . . 1 Rammed 9 | . 6 2 1 Targets Rammed 11 | . 8 2 1 Kicked 2 | . 2 . . Crushed . | . . . . Highest Temperature 382 | . 382 85 120 Average Temperature 56 | . 162 26 25 Received Heat Transfer 1104 | 30 375 357 342 Siege Activations . | . . . . Robots Corrupted . | . . . . Combat Hostiles . | . . . . Parts Fried . | . . . . Impact Corruptions . | . . . . Robots Melted . | . . . . Combat Hostiles . | . . . . Parts Melted 1 | . 1 . . Heat Transferred 370 | . 259 . 111 Parts Sabotaged . | . . . . Parts Stolen . | . . . . Parts Stripped . | . . . . Power Chain Reactions . | . . . . Missiles Intercepted . | . . . . Alert | -11 -10 -9 -9 ------- Run | Scr Mat Mat Sto Peak Influence 265 | 25 125 265 265 Initial 111 | . 16 . 111 Average 66 | 7 49 37 144 Maximum Alert Level 1 | . . 1 1 Low Security (%) 95 | 100 100 98 82 Level 1 4 | . . 1 17 Level 2 . | . . . . Level 3 . | . . . . Level 4 . | . . . . Level 5 . | . . . . High Security . | . . . . Max Security . | . . . . Squads Dispatched 2 | . 2 . . Investigation 2 | . 2 . . Extermination . | . . . . Reinforcement . | . . . . Assault . | . . . . Garrison . | . . . . Intercept . | . . . . Construction Impeded . | . . . . Haulers Reinforced . | . . . . Stealth | -11 -10 -9 -9 --------- Run | Scr Mat Mat Sto Distress Signals 2 | . . 2 . Communications Jammed . | . . . . Distress Signals . | . . . . Times Spotted 54 | 1 10 21 22 Peak Tracking Total 10 | 1 4 10 6 Tactical Retreats 6 | . 1 4 1 Traps | -11 -10 -9 -9 ------- Run | Scr Mat Mat Sto Traps Triggered 2 | . 2 . . Indirectly . | . . . . Trap Hack Attempts . | . . . . Triggered . | . . . . Disarmed . | . . . . Reprogrammed . | . . . . Reused . | . . . . Traps Extracted . | . . . . Installed . | . . . . Triggered . | . . . . Machines | -11 -10 -9 -9 ---------- Run | Scr Mat Mat Sto Machines Disabled 4 | . 1 1 2 Max in Single Turn 1 | . 1 1 1 Machines Sabotaged . | . . . . Garrisons Compromised . | . . . . Overloaded Fab Kills . | . . . . Fab Network Shutdowns . | . . . . Hacking | -11 -10 -9 -9 --------- Run | Scr Mat Mat Sto Machines Accessed 8 | . 4 2 2 Terminals 6 | . 4 1 1 Fabricators . | . . . . Repair Stations 1 | . . . 1 Recycling Units 1 | . . 1 . Scanalyzers . | . . . . Garrison Access . | . . . . Total Hacks 16 | . 10 3 3 Successful 10 | . 5 3 2 Failed 6 | . 5 . 1 Catastrophic 2 | . 2 . . Database Lockouts . | . . . . Manual . | . . . . Terminals 12 | . 10 1 1 Fabricators . | . . . . Repair Stations 2 | . . . 2 Recycling Units 2 | . . 2 . Scanalyzers . | . . . . Garrison Access . | . . . . Terminal Hacks 7 | . 5 1 1 Record 4 | . 4 . . Open Door 1 | . . . 1 Zone Layout 2 | . 1 1 . Fabricator Hacks . | . . . . Repair Station Hacks 1 | . . . 1 Scan Component 1 | . . . 1 Recycling Unit Hacks 2 | . . 2 . Process 2 | . . 2 . Scanalyzer . | . . . . Garrison Access Hacks . | . . . . Unauthorized Hacks . | . . . . Terminals . | . . . . Fabricators . | . . . . Repair Stations . | . . . . Recycling Units . | . . . . Scanalyzers . | . . . . Garrison Access . | . . . . Data Cores Recovered . | . . . . Used . | . . . . Hacking Detections 5 | . 4 . 1 Full Trace Events 3 | . 3 . . Feedback Events . | . . . . Feedback Blocked . | . . . . Robot Schematics Acquired . | . . . . Robots Built . | . . . . Matter . | . . . . Time . | . . . . Total Robot Build Rating . | . . . . Part Schematics Acquired . | . . . . Parts Built . | . . . . Matter . | . . . . Time . | . . . . Total Part Build Rating . | . . . . Parts Repaired . | . . . . Time . | . . . . Parts Recycled . | . . . . Recycled Matter 13 | . . 13 . Retrieved Matter . | . . . . Retrieved Components . | . . . . Parts Scanalyzed . | . . . . Part Schematics Acquired . | . . . . Parts Damaged . | . . . . Bothacking | -11 -10 -9 -9 ------------ Run | Scr Mat Mat Sto Used RIF Installer . | . . . . Robots Hacked . | . . . . Non-combat . | . . . . Combat . | . . . . Robot Hacks Applied . | . . . . Relay Couplers Released . | . . . . Robots Rewired . | . . . . Allies Hacked . | . . . . Hacks Repelled . | . . . . Allies | -11 -10 -9 -9 -------- Run | Scr Mat Mat Sto Total Allies . | . . . . Largest Group . | . . . . Highest-Rated Group . | . . . . Highest-Rated Ally . | . . . . Total Orders . | . . . . Ally Attacks . | . . . . Total Damage . | . . . . Kills . | . . . . Allies Corrupted . | . . . . Allies Melted . | . . . . Intel | -11 -10 -9 -9 ------- Run | Scr Mat Mat Sto Robot Analysis Total . | . . . . Derelict Logs Recovered . | . . . . Drone Launches . | . . . . Drone Recoveries . | . . . . Exploration | -11 -10 -9 -9 ------------- Run | Scr Mat Mat Sto Turns Passed 2271 | 145 808 751 567 Spaces Moved 1065 | 110 416 313 226 Core 23 | 20 1 2 . Treads 70 | . . . 70 Legs 923 | 90 415 292 126 Wheels 30 | . . . 30 Hover . | . . . . Flight 19 | . . 19 . Fastest Speed 50 | 50 120 180 100 Average Speed 170 | 107 156 202 182 Slowest Speed 800 | 120 650 800 240 Overloaded Moves . | . . . . Propulsion Burnouts . | . . . . Robots Hopped . | . . . . Cave-ins Triggered . | . . . . Exploration Rate (%) 27 | 9 48 23 30 Regions Visited 3 Branch Regions 1 Pre-discovered Areas . | . . . . Known Exits Taken . | . . . . Unknown Exits Taken 3 | 1 1 1 . Scrap Searched . | . . . . Spaces Dug . | . . . . Terrain Destroyed 101 | . . 12 89 Melee . | . . . . Projectile 2 | . . . 2 AOE 99 | . . 12 87 Terrain Rammed . | . . . . Walls Destroyed . | . . . . Machines Disabled . | . . . . Actions | -11 -10 -9 -9 --------- Run | Scr Mat Mat Sto Total 1346 | 131 519 384 312 Wait 22 | . 6 10 6 Move 1062 | 109 415 312 226 Hop . | . . . . Pick Up 63 | 11 31 9 12 Fast Attach 10 | 1 . 7 2 Attach 28 | 6 10 4 8 Detach 1 | . 1 . . Swap 11 | . 3 1 7 Drop 34 | 1 13 13 7 Fire 104 | 3 32 26 43 Melee . | . . . . Ram 1 | . . 1 . Kick 9 | . 8 1 . Crush 1 | . . . 1 Escape Stasis . | . . . . Rewire . | . . . . Trap . | . . . . Miscellaneous . | . . . . Route ------- -11/Scrapyard -10/Materials -9/Materials -9/Storage History --------- Turn | Location | Event 2 | -11/Scrapyard | Met Revision 17 83 | -11/Scrapyard | Discovered new exit (range 8) 146 | -11/Scrapyard | Entered Materials 302 | -10/Materials | Build established: Mutant 766 | -10/Materials | Lost 4 parts (1p2n1w) 891 | -10/Materials | Discovered new exit (range 8) 954 | -10/Materials | Entered another Materials area 954 | -9/Materials | Evolved 2 slots: Utility x2 1651 | -9/Materials | Discovered new exit (range 13) 1705 | -9/Materials | Entered Storage 1791 | -9/Storage | Core integrity fell below 50% 1946 | -9/Storage | Lost 4 parts (1p1n2w) 2209 | -9/Storage | Core integrity fell below 20% 2272 | -9/Storage | Destroyed by Y-45 Defender with Beam Rifle Last Messages --------------- K-01 Serf destroyed. The unstable cave ceiling collapses. Component Storage disabled. K-01 Serf collects debris. G-34 Mercenary destroyed. K-01 Serf collects debris. Acquired 35 matter. K-01 Serf collects debris. Acquired 2 matter. K-01 Serf collects debris. G-34 Mercenary destroyed. K-01 Serf collects debris. Slammed into K-01 Serf. K-01 Serf destroyed. Acquired 15 matter. K-01 Serf collects debris. The unstable cave ceiling collapses. Rocket Launcher destroyed. Integration Mediator destroyed. Lgt. Treads destroyed. Map ----- +----------------------------------------------------+ | | | | | | | | | | | | | | | | | | | | | | | | | | | | | | | | | | | | | | | | | | | | | | | ?????????????????????????????????????????????????? | | ???????????????????############??????????????????? | | ???????????????????# !#@ #??????????????????? | | ???????????????????# ! [+ #??????????????????? | | ???????????????????+ ! #Y +??????????????????? | | ???????????????????# ! # /#??????????????????? | | ???????????????????# ] ?#! Y #???????????????? | | ???????????????????####?# +???????????????? | | ????????????????????????# ##???????????????? | | ????????????????????????##/ ???????????????? | | ?????????????????????????#Y##Y ??????????????? | | ?????????????????????????# ????????????? | | ?????????????????????????# ## ????????????? | | ?????????????????????????# #?? ###????????????? | | ?????????????????????????# #?? ??????????????? | | ?????????????#####???????# #??? "???????????????? | | ?????# ???# #+###### ####??????????????????? | | ????????# # =! = *! +??????????????????? | | ????????# [ # * ######## #??????????????????? | | ???? / %* /%%! ==#????????#??????????????????? | | ?????"" ### * #???????????????????????????? | | ????????# #???????????????????????????? | | ????????# "" # #???????????????????????????? | | ????????# "" " # #???????????????????????????? | | ??????????"" "" ?# #???????????????????????????? | | ????????? ?# #???????????????????????????? | | ????############## ########+#??????????????????? | +----------------------------------------------------+ Best States ------------- Heat Dissipation 28 Energy Generation 14 Energy Capacity 250 Matter Stores 300 Matter Capacity 300 Sight Range 16 Terrain Scan Range 16 Terrain Scan Density 60 ECM Strength 1 Evasion (%) 50 Recoil Reduction 2 Item Schematics ----------------- None Robot Schematics ------------------ None Fabricated ------------ Nothing Alien Tech Used ----------------- None Achievements -------------- One Hack Too Far Challenges ------------ None Game ------ Seed TargetPointFlamer Manual? 0 Play Time 00:39:12 Cumulative 2.4 hours Start 2020.09.22 @ 20:52:23 End 2020.09.22 @ 21:33:07 Sessions 1 Manual Loads 0 Difficulty Rogue Special Mode None Game No. 3 Rogue 3 Adventurer 0 Explorer 0 Win Type - Total 0 Types 0/0/0/0/0/0/0/0/0 Lore% 1 Gallery% 5 Achievement% 5 Wizard Run 0 Options --------- ASCII 0 Keyboard 0 Movement Numpad Keybinds 0 Fullscreen 1 Font 12/Smallcaps Map View 76x50 Tactical HUD 0 Map Filters NONE Filters NONE Steam 1 RUN: 83fc9838-5216-445d-84a7-a513a54c739c